Map: Orbital Shipyard

Players

Grumm - Winner!

  • Race: Protoss Protoss
  • League: Gold

Giles

  • Race: Terran Terran
  • League: Silver

VOD

Have the link to the VOD?

Description

Time

  • Played on: Jan. 15, 2016, 2:53 p.m.
  • Length: 14:24
Show
View Real Time Build Order
Export as new Build Order

Grumm Protoss - Winner!

Build Orders: 1 Gate Expand 

Get SALT Encoding   

  12  0:01  Probe (Chrono Boost)  
  13  0:11  Probe (Chrono Boost)  
  14  0:22  Probe (Chrono Boost)  
  15  0:29  Pylon  
  15  0:37  Assimilator  
  15  0:48  Gateway, Probe (Chrono Boost)  
  16  0:58  Probe (Chrono Boost)  
  17  1:10  Probe (Chrono Boost)  
  18  1:24  Nexus  
  18  1:31  Probe (Chrono Boost)  
  19  1:42  Probe (Chrono Boost)  
  20  1:49  Cybernetics Core  
  20  1:56  Forge  
  20  1:59  Probe (Chrono Boost)  
  20  2:14  Pylon  
  20  2:17  Probe (Chrono Boost)  
  21  2:24  Assimilator  
  21  2:28  Pylon  
  21  2:35  Mothership Core (Chrono Boost)  
  24  2:37  Probe (Chrono Boost)  
  24  2:42  Stalker (Chrono Boost)  
  26  2:48  Probe  
  27  2:53  Probe  
  28  3:01  Probe  
  28  3:03  Warp Gate (Chrono Boost)  
  28  3:05  Probe  
  30  3:06  Stalker  
  32  3:13  Probe  
  33  3:22  Probe  
  33  3:25  Probe  
  35  3:27  Photon Cannon  
  35  3:34  Probe  
  35  3:37  Probe  
  35  3:41  Photon Cannon  
  37  3:45  Stalker  
  37  3:46  Probe  
  39  3:57  Photon Cannon  
  39  4:06  Probe x2  
  39  4:09  Pylon  
  41  4:11  Stalker  
  41  4:13  Assimilator  
  43  4:32  Probe x2  
  45  4:44  Probe x2  
  47  4:46  Protoss Ground Weapons Level 1  
  47  4:50  Stargate  
  47  4:52  Robotics Facility  
  47  4:56  Pylon, Probe x2  
  49  5:08  Probe x2  
  51  5:18  Gateway  
  51  5:19  Gateway  
  51  5:20  Probe  
  51  5:21  Gateway  
  52  5:22  Gateway  
  52  5:24  Pylon  
  52  5:28  Probe  
  53  5:29  Assimilator  
  53  5:31  Pylon  
  53  5:32  Probe  
  54  5:38  Pylon  
  54  5:40  Stalker  
  56  5:48  Robotics Bay  
  56  6:03  Pylon  
  56  6:05  Probe x2  
  56  6:07  Assimilator, Stalker  
  56  6:09  Void Ray  
  64  6:12  Immortal (Chrono Boost)  
  64  6:18  Zealot  
  70  6:27  Extended Thermal Lance (Chrono Boost)  
  70  6:29  Probe  
  71  6:35  Pylon, Zealot  
  71  6:36  Zealot x2  
  77  6:50  Colossus (Chrono Boost)  
  77  6:51  Protoss Ground Armor Level 1  
  83  7:00  Zealot  
  83  7:01  Zealot x2  
  89  7:02  Adept  
  89  7:04  Sentry  
  93  7:16  Photon Cannon  
  73  7:53  Photon Cannon  
  73  7:55  Colossus (Chrono Boost)  
  73  7:56  Void Ray  
  73  7:57  Stalker x2  
  73  7:58  Stalker x3  
  93  8:06  Nexus  
  93  8:14  Photon Cannon  
  93  8:22  Probe  
  94  8:27  Photon Cannon  
  94  8:40  Pylon  
  94  8:46  Void Ray  
  98  8:51  Probe x2  
  100  8:56  Pylon  
  100  9:01  Assimilator  
  100  9:03  Probe x2  
  102  9:14  Pylon, Gateway  
  102  9:20  Probe  
  102  9:22  Colossus (Chrono Boost), Probe x2  
  105  9:29  Void Ray (Chrono Boost)  
  115  9:35  Fleet Beacon  
  115  9:37  Protoss Air Weapons Level 1  
  115  9:44  Photon Cannon  
  115  9:52  Protoss Shields Level 1 (Chrono Boost)  
  115  10:09  Observer  
  116  10:17  Probe x2  
  116  10:20  Tempest  
  122  10:27  Stargate  
  122  10:28  Stargate  
  122  10:29  Pylon  
  122  10:33  Robotics Facility  
  122  10:35  Pylon  
  122  10:39  Photon Cannon  
  122  10:44  Stalker, Photon Cannon  
  122  10:45  Zealot  
  122  10:47  Stalker  
  126  11:15  Tempest  
  126  11:17  Tempest x2  
  112  11:27  Stalker  
  112  11:28  Stalker x2  
  112  11:30  Adept  
  110  11:38  Mothership Core  
  110  11:39  Zealot  
  114  11:47  Immortal  
  118  11:58  Void Ray  
  122  12:15  Nexus  
  122  12:20  Pylon  
  122  12:25  Pylon  
  122  12:45  Tempest x2  
  122  12:48  Disruptor  
  133  12:52  Probe x2  
  134  13:03  Stalker x2  
  134  13:04  Stalker x2  
  142  13:06  Zealot  
  142  13:07  Sentry  
  145  13:25  Immortal  
  145  13:30  Immortal  
Show
View Real Time Build Order
Export as new Build Order

Giles Terran 

Build Orders:  

Get SALT Encoding   

  12  0:02  SCV  
  13  0:15  Supply Depot  
  13  0:18  SCV  
  14  0:30  SCV  
  15  0:37  Barracks  
  15  0:44  Refinery  
  15  0:47  SCV  
  16  0:59  SCV  
  18  1:11  SCV  
  18  1:25  Barracks x2  
  18  1:27  Marine  
  19  1:33  SCV  
  20  1:45  Engineering Bay  
  20  1:55  Marine  
  21  2:03  Factory  
  21  2:19  Barracks Tech Lab  
  21  2:22  Marine  
  21  2:23  Marine  
  23  2:31  Barracks  
  23  2:48  Supply Depot  
  23  2:51  Combat Shields  
  23  3:01  Supply Depot  
  23  3:09  Widow Mine  
  23  3:10  Marine  
  23  3:11  Marine x2  
  28  3:22  Marine  
  28  3:25  Supply Depot  
  29  3:30  Marauder  
  31  3:35  Marine  
  32  3:48  Terran Infantry Armor Level 1  
  32  3:49  Marine x2  
  32  3:53  Marine  
  35  4:01  Hellion  
  37  4:07  Marine x2  
  26  4:48  SCV  
  26  4:50  Factory Tech Lab  
  26  4:51  Command Center  
  27  4:57  Starport  
  27  4:58  Marine  
  28  5:02  Marine x2  
  30  5:14  Orbital Command  
  30  5:34  Medivac  
  32  5:38  Refinery  
  32  5:41  Marine x2  
  34  5:42  Marine  
  34  5:43  Marine  
  36  5:50  Supply Depot  
  36  5:59  Widow Mine, Marine x2  
  36  6:04  SCV  
  41  6:08  Medivac  
  43  6:19  Marine x2  
  43  6:20  Marine  
  43  6:23  Marine  
  46  6:37  Marine  
  46  6:38  Medivac, Marine  
  46  6:39  Marine  
  51  6:42  SCV  
  51  6:44  SCV  
  53  6:54  SCV  
  53  6:56  SCV  
  53  7:00  Marine x3  
  58  7:08  Medivac, SCV  
  61  7:22  Marine, Stimpack  
  61  7:23  Marine x2  
  61  7:33  Marine  
  56  7:40  Marine x2  
  56  7:41  Marine  
  57  7:47  Viking  
  56  7:51  Marine  
  57  7:58  Marine x3  
  57  7:59  Starport  
  57  8:03  Refinery, SCV  
  61  8:09  Marine  
  62  8:15  SCV  
  62  8:16  Marine x2  
  62  8:17  Viking  
  67  8:20  Engineering Bay  
  67  8:28  Marine  
  67  8:29  Marine  
  67  8:34  Marine  
  70  8:47  Supply Depot  
  70  8:50  Orbital Command  
  70  8:54  Marine x3  
  70  8:55  Viking  
  75  9:05  Viking  
  77  9:11  Marine  
  77  9:12  Marine x2  
  80  9:24  Terran Infantry Weapons Level 1  
  80  9:29  Armory  
  80  9:31  Viking  
  80  9:33  Marine  
  83  9:39  Marauder  
  85  9:50  Refinery, SCV  
  86  9:59  Supply Depot  
  86  10:02  SCV  
  86  10:03  Viking  
  89  10:10  Medivac  
  91  10:23  Supply Depot  
  91  10:30  Terran Ship Weapons Level 1  
  91  10:33  Viking  
  93  10:40  Viking  
  95  10:43  Marine x2  
  95  10:47  Supply Depot  
  95  11:06  Marine x4  
  97  11:24  Viking, Marine x3  
  97  11:25  Viking  
  77  11:28  Marine  
  55  11:42  Marine x3  
  55  11:46  Marine  
  59  11:54  Viking  
  59  11:59  Marine x2  
  59  12:00  Marine  
  64  12:04  Marine  
  64  12:06  Viking  
  67  12:17  Marine x3  
  70  12:24  Terran Vehicle And Ship Armor Level 1  
  70  12:29  Engineering Bay  
  70  12:34  Marine  
  70  12:35  Marine x3  
  74  12:48  Command Center  
  74  12:58  Viking x2  
  78  12:59  Marine  
  77  13:20  Marine x4  
  80  13:28  Viking  
  65  13:38  Marine  
Tags
 
Add a new tag
Caveats
  • Supply blocks, unpowered buildings, or Contaminate may cause inaccurate times.
  • Supply counts are checked every 10 seconds.